AoeStats
← psigemo

Arabia

509415879Analyzed
1v1 RM · 6d ago on Sep 26, 2026· 22m 50s· 2 players
Game mode
Random Map
Map size
Tiny (2 player)
Population
200
Speed
Normal
Resources
Standard
Victory
Conquest
Starting age
Dark Age
Ending age
Imperial Age
RankedLock teamsTeams togetherTeam positionsShared explorationLock speedFull tech treeHidden civsTurbo modeCheats
Victory
Defeat
🇦🇷 Burgundians · Argentina
977
+17
🇨🇴 Mongols · Colombia
988
-17
ChoRi-Wolo.gg
3:32 Loom
10:05 Feudal Age
9:45 Double-Bit Axe
10:28 Man-at-Arms
12:41 Wheelbarrow
14:22 Town Watch
16:25 Bow Saw
20:56 Castle Age
19:41 Scale Barding Armor
19:25 Horse Collar
psigemo
6:28 Loom
9:43 Feudal Age
10:16 Double-Bit Axe
10:17 Horse Collar
12:48 Wheelbarrow
15:56 Scale Barding Armor
19:04 Forging
21:21 Gold Mining
23:39 Castle Age
22:30 Bloodlines
23:06 Scale Mail Armor
Connection lost

Rejoining the realm…

Still unreachable

The connection could not be restored.

Session expired

The server has moved on; the page needs a fresh start.